 Dungeon Crawl Stone Soup version 0.21-a0-193-g085b6a0 (webtiles) character file.

4287 MackTheKnife the Fighter (level 10, -2/56 HPs)
             Began as a Vine Stalker Fighter on Aug 14, 2017.
             Was a Believer of Trog.
             Succumbed to a hornet's poison
             ... on level 8 of the Dungeon.
             The game lasted 00:13:42 (6207 turns).

MackTheKnife the Fighter (Vine Stalker Fighter)     Turns: 6207, Time: 00:13:43

Health: -2/56      AC: 14    Str: 21    XL:     10   Next: 32%
Magic:  2/15       EV:  6    Int:  8    God:    Trog [**....]
Gold:   384        SH: 11    Dex: 15    Spells: 9/9 levels left

rFire    + . .     SeeInvis .   A - +2 falchion (freeze)
rCold    . . .     Gourm    +   c - +0 shield
rNeg     . . .     Faith    .   a - +1 chain mail {MR+}
rPois    .         Spirit   +   l - +1 helmet
rElec    .         Reflect  .   (no cloak)
rCorr    .         Harm     .   x - +0 pair of gloves
MR       +++..                  k - +0 pair of boots
Stlth    ..........             h - amulet of the gourmand {Gourm, !d}
HPRegen  0.58/turn              n - ring of protection from fire {rF+, !d}
MPRegen  0.14/turn              z - ring of protection from magic {MR+, !d}

@: lethally poisoned (-2 -> -20), berserk cooldown, slowed, very slow
A: fangs 3, regeneration 1, magic shield, antimagic bite, no potion heal 3, rot
immunity
a: Berserk, Trog's Hand, Burn Spellbooks, Renounce Religion


You were on level 8 of the Dungeon.
You worshipped Trog.
Trog was pleased with you.
You were very hungry.

You visited 1 branch of the dungeon, and saw 8 of its levels.

You collected 384 gold pieces.

Inventory:

Hand Weapons
 A - a +2 falchion of freezing (weapon)
   (You took it off a wight on level 6 of the Dungeon)
Missiles
 q - a throwing net {=f, !d}
Armour
 a - a +1 chain mail of magic resistance (worn)
   (You found it on level 7 of the Dungeon)
 c - a +0 shield (worn)
 k - a +0 pair of boots (worn)
   (You found it on level 2 of the Dungeon)
 l - a +1 helmet (worn)
   (You took it off Robin on level 3 of the Dungeon)
 x - a +0 pair of gloves (worn)
   (You found it on level 4 of the Dungeon)
Jewellery
 h - an amulet of the gourmand (around neck) {Gourm, !d}
   (You found it on level 1 of the Dungeon)
 n - a ring of protection from fire (left hand) {rF+, !d}
   (You found it on level 3 of the Dungeon)
 z - a ring of protection from magic (right hand) {MR+, !d}
   (You found it on level 6 of the Dungeon)
Wands
 w - a wand of disintegration (8/24)
   (You found it on level 7 of the Dungeon)
 C - a wand of paralysis (3/24)
   (You found it on level 7 of the Dungeon)
Scrolls
 b - a scroll of fear {unknown}
 d - a scroll of magic mapping {!r}
 i - a scroll of enchant weapon
 p - a scroll of identify
Potions
 e - 2 potions of curing
 g - 2 potions of agility
 j - a potion of heal wounds {unknown}
 r - a potion of berserk rage {unknown}
 s - a potion of flight
 t - a potion of ambrosia {unknown}
Comestibles
 f - a royal jelly
 m - 2 meat rations {@e2}
 o - a bread ration {@e1}
 v - 7 fruits


   Skills:
 - Level 8.1 Fighting
   Level 6.1 Short Blades
 - Level 2.4 Armour
 + Level 7.6 Shields
 - Level 6.1 Evocations


You had 9 spell levels left.
You didn't know any spells.

Dungeon Overview and Level Annotations

Branches:
Dungeon (8/15)             Temple (0/1) D:5
   Lair: D:8-11

Altars:
Ashenzari
Elyvilon
Gozag
Kikubaaqudgha
Nemelex Xobeh
Trog
Uskayaw
Wu Jian

Annotations:
D:5 Pikel


Innate Abilities, Weirdness & Mutations

You have razor-sharp teeth.
Your natural rate of healing is unusually fast.
When hurt, damage is shared between your health and your magic reserves.
Your bite disrupts and absorbs the magic of your enemies.
Potions cannot restore your health.
You are immune to rotting.


Message History

You block the hornet's attack.
You take 2 damage, and have 53/56 hp.
You hit the hornet. You freeze the hornet.
You feel yourself speed up.
The hornet stings you but does no damage. x2
The hornet stings you!
You are poisoned.
You feel yourself slow down.
You take 8 damage, and have 45/56 hp.
You now have 13/15 mp.
A red film seems to cover your vision as you go berserk!
You feel yourself moving faster!
You feel mighty!
You are feeling very hungry.
You feel sick.
The hornet stings you but does no damage.
The hornet stings you.
You are more poisoned.
You suddenly lose the ability to move!
You feel yourself speed up.
You feel sick. The hornet stings you.
You feel yourself slow down.
You can move again.
You now have 63/84 hp.
You closely miss the hornet.
You feel yourself speed up.
You feel sick.
The hornet stings you but does no damage.
You block the hornet's attack.
You take 1 damage, and have 62/84 hp.
You slash the hornet! You freeze the hornet. You bite the hornet!
You drain its power.
You feel invigorated.
You kill the hornet!
Trog accepts your kill.
Your Shields skill increases to level 7!
You feel sick.
You take 2 damage, and have 60/84 hp.
MP restored: 15 You closely miss the hornet.
You bite the hornet! You drain its power.
You feel sick. You block the hornet's attack.
The hornet stings you but does no damage.
You slash the hornet! You freeze the hornet.
You kill the hornet!
Trog accepts your kill.
You feel sick.
You take 1 damage, and have 59/84 hp.
You barely miss the hornet.
You feel sick.
The hornet stings you but does no damage.
You slash the hornet! You freeze the hornet. You bite the hornet.
You drain its power.
You feel sick. The hornet stings you!
You feel yourself slow down.
A soldier ant comes into view.
You take 9 damage, and have 50/84 hp.
You now have 13/15 mp.
You are too injured to fight recklessly!
You are too injured to fight recklessly!
You are too injured to fight recklessly!
You are too injured to fight recklessly!
You are too injured to fight recklessly!
You are too injured to fight recklessly!
You closely miss the hornet. You bite the hornet! You drain its power.
You feel invigorated.
You feel yourself speed up.
You feel sick. The hornet stings you!
You are more poisoned.
You feel yourself slow down. You block the soldier ant's attack.
The hornet stings you!
You feel as though you will be slow longer.
You take 15 damage, and have 35/84 hp.
You now have 10/15 mp.
You closely miss the hornet. Your bite misses the hornet.
You feel sick. You block the hornet's attack. The soldier ant stings you.
You are more poisoned.
The soldier ant poisons you! The hornet stings you.
You are lethally poisoned!
You feel as though you will be slow longer.
You take 7 damage, and have 28/84 hp.
You now have 8/15 mp.
You slash the hornet! You freeze the hornet.
You kill the hornet!
Trog accepts your kill.
* * * LOW HITPOINT WARNING * * *
You feel very sick. You block the soldier ant's attack.
You take 4 damage, and have 24/84 hp.
You hit the soldier ant. You freeze the soldier ant.
Your bite misses the soldier ant.
You are no longer berserk.
You are exhausted.
You feel as though you will be slow longer.
* * * LOW HITPOINT WARNING * * *
You feel very sick.
The soldier ant stings you but does no damage.
The soldier ant stings you!
* * * LOW HITPOINT WARNING * * *
You now have 8/56 hp.
Your shield and chain mail prevent you from hitting the soldier ant.
You bite the soldier ant, but do no damage.
* * * LOW HITPOINT WARNING * * *
You feel very sick. The soldier ant stings you.
* * * LOW HITPOINT WARNING * * *
You take 7 damage, and have 1/56 hp.
You now have 2/15 mp.
You completely miss the soldier ant. Your bite misses the soldier ant.
You die...

###########
############.........#
............(...###.##
############....###.#
#....##..# #....##.##
#######.# #y#a##.##
#.#@...# #†##..#
#.#.#..# ## ##..# #.##
... ... ##


You could see a soldier ant.

Vanquished Creatures
  3 hornets (D:8)
  5 yaks (D:7)
  A water moccasin (D:6)
  2 orc warriors
  A sky beast (D:6)
  A slave (D:4)
  3 phantoms
  An ogre (D:6)
  A crocodile (D:8)
  A big kobold (D:7)
  9 bullfrogs
  A wyvern skeleton (D:5)
  5 killer bees (D:7)
  4 howler monkeys
  5 wights (D:6)
  A crimson imp (D:7)
  A centaur skeleton (D:7)
  2 orc priests
  2 bullfrog skeletons
  A hound (D:8)
  A jelly (D:6)
  3 orc wizards
  5 iguanas
  3 worker ants (D:7)
  A killer bee zombie (D:6)
  A hound zombie (D:5)
  Robin (D:3)
  A howler monkey zombie (D:7)
  A worker ant zombie (D:6)
  7 gnolls
  A howler monkey skeleton (D:5)
  10 adders
  2 shadow imps (D:6)
  An ooze (D:2)
  2 adder skeletons
  2 worms
  2 dart slugs (D:1)
  2 leopard geckos
  18 orcs
  3 ball pythons
  5 bats
  2 giant cockroaches (D:1)
  18 goblins
  9 hobgoblins
  6 jackals
  12 kobolds
  4 quokkas
  A ball python skeleton (D:4)
  7 frilled lizards
  A quokka skeleton (D:7)
  4 rats
186 creatures vanquished.

Notes
Turn   | Place    | Note
-------+----------+-------------------------------------------
     0 | D:1      | MackTheKnife the Vine Stalker Fighter began the quest for the Orb.
     0 | D:1      | Reached XP level 1. HP: 11/11 MP: 2/2
    13 | D:1      | Reached skill level 2 in Short Blades
   102 | D:1      | Reached XP level 2. HP: 14/16 MP: 3/3
   327 | D:1      | Reached skill level 3 in Short Blades
   515 | D:1      | Found a shattered altar of Ashenzari.
   558 | D:1      | Reached XP level 3. HP: 19/19 MP: 4/4
  1145 | D:2      | Gained mutation: Your natural rate of healing is unusually fast. [Vine Stalker growth]
  1145 | D:2      | Reached XP level 4. HP: 22/23 MP: 5/5
  1484 | D:2      | Reached skill level 4 in Short Blades
  1621 | D:3      | Found an ancient bone altar of Kikubaaqudgha.
  1622 | D:3      | Found a hide-covered altar of Uskayaw.
  1673 | D:3      | Found a sparkling altar of Nemelex Xobeh.
  1707 | D:3      | Noticed Robin
  1739 | D:3      | Killed Robin
  1741 | D:3      | Reached XP level 5. HP: 19/27 MP: 6/6
  1771 | D:3      | Found an ornate altar of the Wu Jian Council.
  2103 | D:3      | Found a white marble altar of Elyvilon.
  2298 | D:4      | Noticed a phantom
  2418 | D:4      | Killed a phantom
  2418 | D:4      | Reached skill level 5 in Short Blades
  2418 | D:4      | Reached XP level 6. HP: 32/32 MP: 7/7
  2923 | D:4      | Found a bloodstained altar of Trog.
  2959 | D:4      | Became a worshipper of Trog the Wrathful
  3052 | D:5      | Entered Level 5 of the Dungeon
  3120 | D:5      | Reached skill level 6 in Short Blades
  3127 | D:5      | Got a twisted whip
  3151 | D:5      | Identified the +7 whip "Jaloj" {vamp, rC+ MP+9 Dex+3} (You found it on level 5 of the Dungeon)
  3308 | D:5      | Found a staircase to the Ecumenical Temple.
  3371 | D:5      | Reached skill level 3 in Fighting
  3495 | D:5      | Noticed a slave
  3495 | D:5      | Noticed a slave
  3496 | D:5      | Noticed a slave
  3496 | D:5      | Noticed a slave
  3497 | D:5      | Noticed Pikel
  3518 | D:6      | Noticed an orc warrior
  3620 | D:4      | Killed a slave
  3856 | D:5      | Reached XP level 7. HP: 35/37 MP: 6/8
  3896 | D:6      | Reached skill level 4 in Fighting
  3995 | D:6      | Reached skill level 5 in Fighting
  4153 | D:6      | Reached skill level 6 in Fighting
  4153 | D:6      | Gained mutation: You have razor-sharp teeth. [Vine Stalker growth]
  4153 | D:6      | Reached XP level 8. HP: 28/44 MP: 9/9
  4477 | D:6      | Reached skill level 3 in Shields
  4591 | D:6      | Reached * piety under Trog
  4674 | D:6      | Reached skill level 4 in Shields
  4947 | D:6      | Reached skill level 7 in Fighting
  5061 | D:7      | Found an opulent altar of Gozag.
  5086 | D:7      | Reached skill level 1 in Evocations
  5122 | D:7      | Reached skill level 2 in Evocations
  5163 | D:7      | Found a transporter.
  5241 | D:7      | HP: 11/46 [killer bee (2)]
  5245 | D:7      | HP: 5/46 [poisoned by a killer bee]
  5246 | D:7      | HP: 1/46 [iguana (5)]
  5248 | D:7      | Reached skill level 3 in Evocations
  5250 | D:7      | Reached XP level 9. HP: 3/50 MP: 7/12
  5252 | D:7      | HP: 3/50 [iguana (2)]
  5254 | D:7      | Reached skill level 4 in Evocations
  5364 | D:7      | Reached skill level 5 in Evocations
  5402 | D:7      | Reached skill level 6 in Evocations
  5420 | D:7      | Reached skill level 5 in Shields
  5426 | D:7      | Reached ** piety under Trog
  5862 | D:7      | Reached skill level 8 in Fighting
  5863 | D:7      | Noticed an eight-headed hydra
  5868 | D:7      | Found a transporter.
  5883 | D:7      | Reached XP level 10. HP: 56/56 MP: 15/15
  5964 | D:8      | Reached skill level 6 in Shields
  6189 | D:8      | Paralysed by a hornet for 1 turns
  6194 | D:8      | Paralysed by a hornet for 2 turns
  6197 | D:8      | Reached skill level 7 in Shields
  6205 | D:8      | HP: 13/56 [poisoned by a hornet]
  6206 | D:8      | HP: 3/56 [poisoned by a hornet]
  6206 | D:8      | HP: 1/56 [soldier ant (2)]
  6207 | D:8      | Succumbed to a hornet's poison

Vault maps used:
D:1:      dpeg_arrival_rooms_with_view, hex_large, hangedman_decor_opposing,
          ashenzari_altar_1
D:3:      lemuel_crystal_altar, nemelex_xobeh_ov_fountains_minmay,
          gammafunk_temple_overflow_pools, elyvilon_altar_5, uniq_robin
D:4:      serial_bayou, serial_bayou_ford_a, serial_bayou_pond_d,
          serial_bayou_pond_e, serial_bayou_lagoon_b, trog_hazing_becter
D:5:      minmay_temple_entry_from_below_a, first_bread, uniq_pikel,
          uniq_sigmund
D:7:      gammafunk_the_bubble, lemuel_crystal_altar
D:8:      hangedman_pestilent_swarm, kennysheep_generic_room_5

Skill      XL: |  1  2  3  4  5  6  7  8  9 10 |
---------------+-------------------------------+-----
Short Blades   | 2 3 4 5 6 |  6.1
Fighting       | 3 6 7 8 |  8.1
Shields        | 4 5 7 |  7.6
Evocations     | 3 6 |  6.1
Armour         | |  2.4

Action                   |  1- 3 |  4- 6 |  7- 9 | 10-12 || total
-------------------------+-------+-------+-------+-------++-------
Melee: Rapier            |   122 |    21 |       |       ||   143
       Bite              |    29 |    90 |   138 |    33 ||   290
       Dagger            |       |   343 |   106 |       ||   449
       Whip              |       |     8 |       |       ||     8
       Falchion          |       |       |   265 |    71 ||   336
Invok: Berserk           |       |       |     2 |     1 ||     3
       Burn Spellbooks   |       |       |     1 |       ||     1
       Trog's Hand       |       |       |     1 |       ||     1
Evoke: Wand              |       |     2 |    13 |       ||    15
  Use: Scroll            |     1 |     9 |     8 |       ||    18
       Potion            |       |       |     4 |       ||     4
 Stab: Invisible         |       |       |     1 |       ||     1
       Paralysed         |       |       |    11 |       ||    11
  Eat: Chunk             |       |    10 |     5 |     1 ||    16
       Bread ration      |       |     1 |     1 |       ||     2
Armor: Scale mail        |    50 |   103 |   149 |       ||   302
       Chain mail        |       |       |    27 |    36 ||    63
Dodge: Dodged            |    23 |    98 |   140 |    15 ||   276
Block: Shield            |    60 |   159 |   185 |    53 ||   457
       Rpst.: Falchion   |       |       |    42 |     3 ||    45

Vault maps used:
D:1:      dpeg_arrival_rooms_with_view, hex_large, hangedman_decor_opposing,
          ashenzari_altar_1
D:3:      lemuel_crystal_altar, nemelex_xobeh_ov_fountains_minmay,
          gammafunk_temple_overflow_pools, elyvilon_altar_5, uniq_robin
D:4:      serial_bayou, serial_bayou_ford_a, serial_bayou_pond_d,
          serial_bayou_pond_e, serial_bayou_lagoon_b, trog_hazing_becter
D:5:      minmay_temple_entry_from_below_a, first_bread, uniq_pikel,
          uniq_sigmund
D:7:      gammafunk_the_bubble, lemuel_crystal_altar
D:8:      hangedman_pestilent_swarm, kennysheep_generic_room_5

Table legend:
 A = Turns spent in this place as a percentage of turns spent in the entire game.
 B = Non-inter-level travel turns spent in this place as a percentage of non-inter-level travel turns spent in the entire game.
 C = Inter-level travel turns spent in this place as a percentage of turns spent in this place.
 D = Turns resting spent in this place as a percentage of non-inter-level travel turns spent in this place.
 E = Turns spent auto-exploring this place as a percentage of non-inter-level travel turns spent in this place.
 F = Non-inter-level travel turns spent in this place divided by the number of levels of this place that you've seen.
                   A       B       C       D       E      F
               +-------+-------+-------+-------+-------+----------------------
         Total | 100.0 | 100.0 |   0.5 |   1.1 |   8.4 | 320.1
       Dungeon | 100.0 | 100.0 |   0.5 |   1.1 |   8.4 | 320.1
               +-------+-------+-------+-------+-------+----------------------

Table legend:
 A = Kills in this place as a percentage of kills in entire the game.
 B = Kills by you in this place as a percentage of kills by you in the entire game.
 C = Kills by friends in this place as a percentage of kills by friends in the entire game.
 D = Other kills in this place as a percentage of other kills in the entire game.
 E = Experience gained in this place as a percentage of experience gained in the entire game.
 F = Experience gained in this place divided by the number of levels of this place that you have seen.
                   A       B       C       D       E      F
               +-------+-------+-------+-------+-------+----------------------
         Total | 100.0 | 100.0 |  -nan |  -nan | 100.0 | 765.6
       Dungeon | 100.0 | 100.0 |  -nan |  -nan | 100.0 | 765.6
               +-------+-------+-------+-------+-------+----------------------
